 Dungeon Crawl Stone Soup version 0.27-a0-972-gd1521fd518 (webtiles) character file.

Game seed: 1699628768542340912

19653 SamYaeger the Martial Artist (level 12, -16/113 HPs)
             Began as an Octopode Transmuter on Apr 13, 2021.
             Was an Elder of Dithmenos.
             Demolished by a komodo dragon (17 damage)
             ... while petrified by a catoblepas
             ... on level 2 of the Lair of Beasts.
             The game lasted 01:30:52 (18083 turns).

SamYaeger the Martial Artist (Octopode Transmuter) Turns: 18083, Time: 01:30:53

Health: -16/113    AC: 12    Str: 11    XL:     12   Next: 71%
Magic:  20/21      EV:  1    Int: 17    God:    Dithmenos [****..]
Gold:   1347       SH:  0    Dex: 12    Spells: 8/23 levels left

rFire    . . .     SeeInvis .     - Unarmed
rCold    . . .     Faith    .   (shield currently unavailable)
rNeg     + + +     Spirit   .   (helmet currently unavailable)
rPois    ∞         Reflect  .   (no amulet)
rElec    .         Harm     .   i - +4 ring of evasion
rCorr    +         Rampage  .   v - +4 ring of protection
Will     +....                  G - ring "Ekadd" {+Blink Will+ rCorr Int-2 Stlth+}
Stlth    ++++++....             (no ring)
HPRegen  0.28/turn              (no ring)
MPRegen  0.17/turn              (no ring)
                                (no ring)
                                (no ring)

@: hydra-form, petrified, marked, slowed, wreathed by umbra
A: fast swimmer, devour, boosted hp, almost no armour, amphibious, 8 rings, very
large, (camouflage 1), (gelatinous body 1), (nimble swimmer 1), (tentacles),
wild magic 1, no potion heal 1
a: End Transformation, Renounce Religion, Evoke Blink, Shadow Step


You were on level 2 of the Lair of Beasts.
You worshipped Dithmenos.
Dithmenos was greatly pleased with you.
You were a five-headed hydra.
You visited 3 branches of the dungeon, and saw 14 of its levels.
You also visited: Sewer and Gauntlet.

You collected 1710 gold pieces.
You spent 363 gold pieces at shops.

Inventory:

Hand Weapons
 g - a +6 dagger of protection (melded)
Missiles
 b - 7 boomerangs (quivered)
 m - 2 curare-tipped darts
Armour
 x - the +0 hat of Terror {+Blink rPois Int-5 Dex+2}
   (You found it in a Gauntlet)

   It affects your intelligence (-5).
   It affects your dexterity (+2).
   It protects you from poison.
   It lets you blink.
Magical Staves
 A - a staff of fire
Jewellery
 i - a +4 ring of evasion (left foreclaw)
 v - a +4 ring of protection (right foreclaw)
 E - a ring of fire
 G - the ring "Ekadd" (on tentacle) {+Blink Will+ rCorr Int-2 Stlth+}
   (You found it in a Gauntlet)

   [ring of willpower]

   It affects your intelligence (-2).
   It lets you blink.
   It protects you from acid and corrosion.
   It increases your willpower.
   It makes you more stealthy.
Wands
 o - a wand of flame (12)
 p - a wand of paralysis (3)
 t - a wand of digging (1)
 C - a wand of acid (15)
 F - a wand of polymorph (10)
 I - a wand of iceblast (11)
 M - a wand of mindburst (19)
Scrolls
 c - a scroll of torment
 d - 4 scrolls of enchant armour
 k - 2 scrolls of fog
 l - 5 scrolls of teleportation
 q - 4 scrolls of vulnerability
 s - 4 scrolls of immolation
 u - a scroll of amnesia
 y - a scroll of silence
 z - 2 scrolls of brand weapon {unknown}
 B - 2 scrolls of fear
 D - a scroll of holy word
Potions
 a - 2 potions of ambrosia
 e - 4 potions of flight
 f - a potion of mutation
 h - 3 potions of attraction
 j - 4 potions of haste
 n - 6 potions of curing
 r - a potion of resistance
 w - a potion of magic
 K - 2 potions of might
 L - a potion of lignification
 N - a potion of berserk rage {unknown}
 O - 2 potions of degeneration {unknown}
Miscellaneous
 H - a phantom mirror
 J - a piece from Xom's chessboard (15/15)
 P - a piece from Xom's chessboard (15/15)


   Skills:
 - Level 10.0 Fighting
 * Level 5.2 Dodging
 * Level 6.0 Stealth
 - Level 11.0 Unarmed Combat
 - Level 6.0 Spellcasting
 + Level 10.4 Transmutations
 - Level 5.0 Earth Magic
 - Level 2.0 Poison Magic
 - Level 3.0 Evocations


You had 8 spell levels left.
You knew the following spells:

 Your Spells              Type           Power      Damage    Failure   Level
a - Beastly Appendage     Tmut           100%       N/A       1%          1
b - Hydra Form            Tmut           25%        N/A       8%          5
c - Wereblood             Tmut           51%        N/A       1%          2
d - Petrify               Tmut/Erth      40%        N/A       9%          4
e - Spider Form           Tmut/Pois      17%        N/A       5%          3

Your spell library contained the following spells:

 Spells                   Type           Power      Damage    Failure   Level
 Animate Skeleton         Necr           12%        N/A       19%         1
 Apportation              Tloc           12%        N/A       19%         1
 Corona                   Hex            6%         N/A       19%         1
 Foxfire                  Conj/Fire      24%        2x1d5     19%         1
 Magic Dart               Conj           24%        1d4       19%         1
 Summon Small Mammal      Summ           24%        N/A       19%         1
 Ice Form                 Ice/Tmut       29%        N/A       22%         4
 Blink                    Tloc           N/A        N/A       26%         2
 Call Imp                 Summ           6%         N/A       26%         2
 Searing Ray              Conj           12%        3d3       26%         2
 Slow                     Hex            6%         N/A       26%         2
 Mephitic Cloud           Conj/Pois/Air  9%         N/A       38%         3
 Confusing Touch          Hex            6%         N/A       45%         3
 Conjure Flame            Conj/Fire      6%         6-21      45%         3
 Dazzling Flash           Conj/Hex       12%        N/A       45%         3
 Gell's Gravitas          Tloc           3%         N/A       45%         3
 Inner Flame              Hex/Fire       6%         N/A       45%         3
 Yara's Violent Unravell  Hex/Tmut       14%        3d7       47%         5
 Fulminant Prism          Conj/Hex       3%         3d6       83%         4
 Iskenderun's Mystic Bla  Conj/Tloc      6%         2d4       83%         4
 Sticky Flame             Conj/Fire      6%         2d3       83%         4
 Fireball                 Conj/Fire      3%         3d4       99%         5
 Metabolic Englaciation   Hex/Ice        3%         N/A       99%         5


Dungeon Overview and Level Annotations

Branches:
Dungeon (10/15)            Temple (1/1) D:4            Lair (3/6) D:10
  Snake (0/4) Lair:2        Sewer (visited)         Gauntlet (visited)
  Swamp: Lair:2-4    Shoals: Lair:2-4       Orc: D:9-12

Altars:
Ashenzari
Cheibriados
Dithmenos
Elyvilon
Fedhas
Gozag
Hepliaklqana
Kikubaaqudgha
Makhleb
Nemelex Xobeh
Okawaru
Qazlal
Ru
Sif Muna
Trog
Uskayaw
Vehumet
Wu Jian
Xom
Yredelemnul
Zin
The Shining One

Shops:
D:3 (   D:7 ?

Annotations:
D:1 exclusion: downstairs
D:4 Menkaure
D:5 Eustachio, Prince Ribbit
D:6 exclusion: 6 doors


Innate Abilities, Weirdness & Mutations

You are a five-headed hydra.
You swim very quickly.
You can devour living enemies to heal.
Your maximum health is greatly increased.
You are immune to poison.
Your armour is entirely melded.
You are incapable of wielding weapons or throwing items.
You cannot wear most types of armour.
You are amphibious.
You can wear up to eight rings at the same time.
((Your skin changes colour to match your surroundings (Stealth+).))
((Your rubbery body absorbs attacks. (AC +1, EV +1)))
((You are camouflaged near water. (Stealth+)))
((You have tentacles for arms and can constrict up to eight enemies at once.))
Your spells are a little harder to cast, but a little more powerful.
Potions are less effective at restoring your health.


Message History

P - a piece from Xom's chessboard (15/15)
A water moccasin comes into view.
The water moccasin closely misses you.
A water moccasin comes into view.
A catoblepas comes into view.
The komodo dragon hisses menacingly.
The komodo dragon misses you. The bog body casts a spell at you.
The bolt of cold hits you! The cane toad stings you!
The water moccasin closely misses you.
The bog body gestures at you while chanting.
You feel yourself slow down.
The catoblepas breathes a plume of calcifying dust at you.
The blast of calcifying dust hits you. The water moccasin bites you.
The komodo dragon bites you!!
There is a stone staircase leading up, spattered with blood here.
You are engulfed in calcifying dust.
You are slowing down.
The water moccasin barely misses you. The bog body touches you!
The bog body freezes you!
The komodo dragon bites you but does no damage.
The water moccasin closely misses you.
The bog body gestures at you while chanting.
The bolt of cold hits you!!!
* * * LOW HITPOINT WARNING * * *
You climb upwards.
You have turned to stone.
The water moccasin bites you but does no damage.
The komodo dragon bites you but does no damage.
The bog body touches you.
* * * LOW HITPOINT WARNING * * *
The bog body freezes you!
* * * LOW HITPOINT WARNING * * *
The water moccasin bites you.
* * * LOW HITPOINT WARNING * * *
The komodo dragon bites you!!
* * * LOW HITPOINT WARNING * * *
The water moccasin bites you but does no damage.
The bog body touches you but does no damage.
The water moccasin bites you but does no damage.
The komodo dragon bites you!!
You die...

........[..........###..#........
.................................
.....................(...........
.................................
#................................
#....P.##.##...................#.
+....#.###......#'.###........P##
....##....##...##n#..###.........
#...##...[##...SDl.....#.........
#..........#....#.....++......##.
....#..........##.....P#......P#.
#....#....#P...#......##......###
......#####....##..####.......#.#
#....####P.#...###.#.##..........
.................................
.................................
.................................


You could see a komodo dragon, a bog body and a water moccasin.

Vanquished Creatures
  A green death (Gauntlet)
  Erica (Lair:2)
  2 two-headed ogres (D:10)
  A death drake (shapeshifter) (Gauntlet)
  Joseph (Lair:1)
  2 orange demons (Gauntlet)
  3 cane toads (Lair:1)
  2 rime drakes
  4 komodo dragons
  2 trolls (D:9)
  A hornet (D:8)
  A polar bear (Lair:1)
  7 blink frogs (Lair:1)
  2 shadows (D:9)
  3 flying skulls (Gauntlet)
  25 yaks
  A wyvern (D:10)
  2 steam dragons
  4 nagas (Lair:2)
  Edmund (D:5)
  A swamp worm (shapeshifter) (Gauntlet)
  3 acid dragons
  A black bear (D:6)
  4 water moccasins
  An orc warrior (D:7)
  A sky beast (D:7)
  2 necrophages
  2 ice beasts
  A hornet zombie (D:6)
  4 centaurs
  4 wolves (Lair:1)
  3 kobold brigands
  13 bullfrogs
  2 scorpions
  A gnoll sergeant (D:9)
  2 water moccasin zombies (D:6)
  7 killer bees
  4 wights (D:6)
  4 howler monkeys
  A crimson imp (D:9)
  A bullfrog zombie (D:5)
  3 centaur zombies
  A bullfrog skeleton (D:5)
  5 jellies
  5 orc priests
  A hound (D:4)
  2 iguanas (D:5)
  5 orc wizards
  2 killer bee zombies (D:7)
  A howler monkey skeleton (D:6)
  A howler monkey zombie (D:8)
  Robin (D:2)
  9 adders
  4 gnolls (D:9)
  A shadow imp (D:7)
  2 white imps
  3 worms
  2 dart slugs
  22 orcs
  4 bats (D:1)
  5 endoplasms
  6 giant cockroaches
  23 goblins
  13 hobgoblins
  4 jackals
  A quokka (D:4)
  4 ball pythons
  2 frilled lizards (D:1)
  20 kobolds
  A quokka skeleton (D:4)
  15 rats
296 creatures vanquished.

Vanquished Creatures (others)
  6 fungi
  5 plants
11 creatures vanquished.

Grand Total: 307 creatures vanquished

Notes
Turn   | Place    | Note
-------+----------+-------------------------------------------
     0 | D:1      | SamYaeger the Octopode Transmuter began the quest for the
                  | Orb.
     0 | D:1      | Reached XP level 1. HP: 13/13 MP: 3/3
   336 | D:1      | Reached skill level 1 in Stealth
   433 | D:1      | Reached XP level 2. HP: 18/18 MP: 3/5
  1485 | D:2      | Reached XP level 3. HP: 23/23 MP: 4/6
  1746 | D:2      | Found a faded altar of an unknown god.
  1809 | D:2      | Noticed Robin
  1976 | D:1      | Learned a level 3 spell: Spider Form
  2861 | D:2      | Reached XP level 4. HP: 21/28 MP: 7/7
  3002 | D:2      | Killed Robin
  3055 | D:2      | Reached skill level 1 in Poison Magic
  3703 | D:2      | Reached XP level 5. HP: 34/34 MP: 6/8
  3820 | D:3      | Found Kubrewn's Weapon Boutique.
  4310 | D:3      | Found a burning altar of Makhleb.
  4473 | D:4      | Identified the +0 cloak of the Beginning {rF+ Will+ MP+9}
  4638 | D:4      | Found a glowing drain.
  4689 | Sewer    | Entered a sewer
  4776 | Sewer    | Noticed a kobold brigand
  4810 | Sewer    | Killed a kobold brigand
  4811 | Sewer    | Reached XP level 6. HP: 29/39 MP: 7/9
  4923 | Sewer    | Found a white marble altar of Elyvilon.
  5083 | D:4      | Learned a level 2 spell: Wereblood
  5144 | D:4      | Noticed Menkaure
  5287 | D:4      | Identified a scroll of acquirement
  5295 | D:4      | Acquired 748 gold pieces
  5447 | D:4      | Found a staircase to the Ecumenical Temple.
  5451 | Temple   | Entered the Ecumenical Temple
  5601 | D:4      | Found a shadowy altar of Dithmenos.
  5610 | D:4      | Became a worshipper of Dithmenos the Shadowed
  5830 | D:5      | Entered Level 5 of the Dungeon
  5893 | D:5      | Noticed Prince Ribbit
  6086 | D:5      | Reached skill level 1 in Evocations
  6086 | D:5      | Reached XP level 7. HP: 38/46 MP: 10/10
  6099 | D:5      | Learned a level 4 spell: Petrify
  6259 | D:5      | Noticed Edmund
  6504 | D:5      | Found a bloodstained altar of Trog.
  6582 | D:5      | Noticed Eustachio
  6682 | D:5      | Killed Edmund
  7042 | D:6      | Reached skill level 5 in Transmutations
  7266 | D:6      | Reached skill level 1 in Earth Magic
  7464 | D:6      | Reached XP level 8. HP: 52/54 MP: 10/12
  7878 | D:6      | Found an ancient bone altar of Kikubaaqudgha.
  8028 | D:6      | Reached skill level 5 in Fighting
  8683 | D:7      | Reached XP level 9. HP: 47/61 MP: 11/13
  8842 | D:7      | Reached * piety under Dithmenos
  9129 | D:7      | Reached skill level 4 in Unarmed Combat
  9532 | D:7      | Found Fusmoref's Magic Scroll Shoppe.
  9632 | D:7      | Found an ornate altar of the Wu Jian Council.
  9733 | D:7      | Bought a scroll of blinking for 97 gold pieces
  9733 | D:7      | Bought a scroll of teleportation for 39 gold pieces
  9733 | D:7      | Bought a scroll of silence for 97 gold pieces
  9733 | D:7      | Bought a scroll of identify for 26 gold pieces
  9733 | D:7      | Bought a scroll of identify for 26 gold pieces
  9733 | D:7      | Bought a scroll of identify for 26 gold pieces
  9733 | D:7      | Bought a scroll of identify for 26 gold pieces
  9733 | D:7      | Bought a scroll of identify for 26 gold pieces
  9738 | D:7      | Gained mutation: You are dopey. (Int -2) [potion of
                  | mutation]
  9738 | D:7      | Gained mutation: Your flesh is cold resistant. (rC+)
                  | [potion of mutation]
  9739 | D:7      | Lost mutation: You are dopey. (Int -2) [potion of mutation]
  9739 | D:7      | Lost mutation: Your flesh is cold resistant. (rC+) [potion
                  | of mutation]
  9739 | D:7      | Gained mutation: Potions are less effective at restoring
                  | your health. [potion of mutation]
  9739 | D:7      | Gained mutation: Your spells are a little harder to cast,
                  | but a little more powerful. [potion of mutation]
  9746 | D:7      | Learned a level 5 spell: Hydra Form
  9807 | D:8      | Noticed a hornet
  9820 | D:8      | Killed a hornet
  9870 | D:7      | Reached skill level 5 in Unarmed Combat
 10528 | D:8      | Reached ** piety under Dithmenos
 10849 | D:8      | Found a shimmering altar of Xom.
 10869 | D:8      | Reached skill level 6 in Unarmed Combat
 10945 | D:8      | Reached XP level 10. HP: 40/66 MP: 7/16
 11138 | D:8      | Found a white marble altar of Elyvilon.
 11537 | D:8      | Reached skill level 7 in Unarmed Combat
 12116 | D:9      | Reached skill level 8 in Unarmed Combat
 12116 | D:9      | Reached skill level 10 in Transmutations
 12125 | D:9      | Found a glowing silver altar of Zin.
 12237 | D:9      | Found a sacrificial altar of Ru.
 12319 | D:9      | Found a sparkling altar of Nemelex Xobeh.
 12462 | D:9      | Found a hazy altar of Hepliaklqana.
 13071 | D:10     | Entered Level 10 of the Dungeon
 13083 | D:10     | Reached skill level 9 in Unarmed Combat
 13083 | D:10     | Reached skill level 5 in Earth Magic
 13083 | D:10     | Reached XP level 11. HP: 72/72 MP: 10/17
 13154 | D:10     | Found a hide-covered altar of Uskayaw.
 13195 | D:10     | Noticed a two-headed ogre
 13227 | D:10     | Killed a two-headed ogre
 13252 | D:10     | Reached *** piety under Dithmenos
 13858 | D:10     | Noticed a two-headed ogre
 14020 | D:10     | Killed a two-headed ogre
 14021 | D:10     | Reached skill level 5 in Spellcasting
 14482 | D:10     | Found a staircase to the Lair.
 14495 | D:10     | Reached skill level 10 in Unarmed Combat
 14751 | D:10     | Found a broken altar of Ashenzari.
 14958 | Lair:1   | Entered Level 1 of the Lair of Beasts
 14989 | Lair:1   | Noticed Joseph
 15021 | Lair:1   | Reached skill level 11 in Unarmed Combat
 15034 | Lair:1   | Reached XP level 12. HP: 81/82 MP: 17/21
 15053 | Lair:1   | Killed Joseph
 15314 | Lair:1   | Found a gate leading to a gauntlet.
 15327 | Gauntlet | Entered a Gauntlet
 15327 | Gauntlet | Found a large runed translucent door.
 15327 | Gauntlet | Found a large runed translucent door.
 15327 | Gauntlet | Found a large runed translucent door.
 15327 | Gauntlet | Found a large runed translucent door.
 15327 | Gauntlet | Found a runed translucent door.
 15327 | Gauntlet | Found a large runed translucent door.
 15327 | Gauntlet | Found a large runed translucent door.
 15327 | Gauntlet | Found a transporter.
 15327 | Gauntlet | Found a transporter.
 15327 | Gauntlet | Found a large runed translucent door.
 15327 | Gauntlet | Found a large runed translucent door.
 15327 | Gauntlet | Found a runed translucent gate.
 15327 | Gauntlet | Found a runed translucent gate.
 15327 | Gauntlet | Found a transporter.
 15327 | Gauntlet | Found a transporter.
 15331 | Gauntlet | Found a transporter.
 15331 | Gauntlet | Found a transporter.
 15341 | Gauntlet | Found a transporter.
 15345 | Gauntlet | Found a transporter.
 15357 | Gauntlet | Found a transporter.
 15367 | Gauntlet | Noticed a green death
 15428 | Gauntlet | Found a runed translucent door.
 15429 | Gauntlet | Found a large runed translucent door.
 15429 | Gauntlet | Found a large runed translucent door.
 15429 | Gauntlet | Found a large runed translucent door.
 15429 | Gauntlet | Found a large runed translucent door.
 15430 | Gauntlet | Found a large runed translucent door.
 15430 | Gauntlet | Found a large runed translucent door.
 15431 | Gauntlet | Found a large runed translucent door.
 15431 | Gauntlet | Found a large runed translucent door.
 15440 | Gauntlet | Found a runed translucent gate.
 15453 | Gauntlet | Noticed a death scarab
 15458 | Gauntlet | Found a transporter.
 15460 | Gauntlet | Found a transporter.
 15470 | Gauntlet | Found a transporter.
 15713 | Gauntlet | Reached **** piety under Dithmenos
 15897 | Gauntlet | Killed a green death
 15898 | Gauntlet | Reached skill level 10 in Fighting
 15912 | Gauntlet | Identified the ring "Ekadd" {+Blink Will+ rCorr Int-2
                  | Stlth+}
 16052 | Gauntlet | Identified the +6 chain mail of Past Mistakes {rElec rCorr
                  | Int+8 Slay-2}
 16052 | Gauntlet | Identified the ring "Otorev" {rPois Dex+6}
 16052 | Gauntlet | Noticed a minotaur
 16085 | Gauntlet | Identified the +0 hat of Terror {+Blink rPois Int-5 Dex+2}
 16095 | Gauntlet | Identified the +5 swamp dragon scales of the Hurricane
                  | {rPois Str+4}
 17272 | Lair:2   | Noticed Erica
 17284 | Lair:2   | Killed Erica
 17285 | Lair:2   | Reached skill level 5 in Stealth
 17437 | Lair:2   | Reached skill level 5 in Dodging
 17797 | Lair:2   | Found a staircase to the Snake Pit.
 18076 | Lair:3   | Noticed a catoblepas
 18082 | Lair:2   | HP: 1/113 [komodo dragon (10)]
 18083 | Lair:2   | Demolished by a komodo dragon

Illustrated notes

Levels and vault maps discovered:
D:1:      roderic_crop_circles_arrival_small, layout_loops_ring
D:2:      layout_basic, ebering_ecumenical_altar_mist, uniq_robin
D:3:      layout_rooms, lemuel_tele_altar, serial_shops, shop
D:4:      cheibrodos_greedy_goblins, layout_cave_pools, amcnicky_altar_gilded,
          temple_hall_moat, portal_sewer_entry_a, uniq_menkaure
D:5:      layout_gridville, overflow_temple_1_default, uniq_prince_ribbit1,
          uniq_edmund, uniq_eustachio, uniq_ijyb
D:6:      layout_basic, old_standard_altar, interstate_on_off, minmay_pentangle
D:7:      layout_rooms, nzn_wu_jian_contemplation, serial_shops, shop_coins
D:8:      layout_basic, kennysheep_mini, nicolae_elyvilon_peaceful_grove
D:9:      layout_big_octagon, kennysheep_little_box,
          nicolae_overflow_crystal_walls, nicolae_overflow_hidden_temple,
          nemelex_diamond_rough_becter, minmay_fire_ice_demons
D:10:     minmay_klotski, layout_layer_cave, lemuel_doored_altar,
          marbit_many_paths, lair_entry_dummy
Temple:   nicolae_temple_figure_zero
Lair:1:   layout_regular_city, gauntlet_entry_generic, lemuel_fruit_tree,
          grunt_megastairs_2, serial_bayou_shore_a, uniq_joseph
Lair:2:   layout_regular_city, minmay_snake_entry_guardpost_large, uniq_erica
Lair:3:   gammafunk_boulding_lane, layout_cave_shapes,
          skrybe_swamp_entry_bodies, grunt_megastairs_4, lemuel_fruit_fields,
          minmay_lair_oklob_chamber, lemuel_fruit_fields, uniq_rupert

Skill      XL: |  1  2  3  4  5  6  7  8  9 10 11 12 |
---------------+-------------------------------------+-----
Stealth        | 1 2 3 4 6 |  6.0
Transmutations | 3 4 5 6 8 10 | 10.4
Dodging        | 3 5 |  5.2
Poison Magic   | 1 2 |  2.0
Fighting       | 2 3 4 5 7 10 | 10.0
Evocations     | 1 2 3 |  3.0
Earth Magic    | 1 4 5 |  5.0
Spellcasting   | 3 4 6 |  6.0
Unarmed Combat | 6 9 11 | 11.0

Action                   |  1- 3 |  4- 6 |  7- 9 | 10-12 || total
-------------------------+-------+-------+-------+-------++-------
Melee: Unarmed           |    53 |     6 |    23 |   308 ||   390
       Kick              |    15 |    34 |    65 |     5 ||   119
       Constrict         |    22 |    46 |    40 |     4 ||   112
       Tentacles         |    12 |    22 |    46 |     6 ||    86
       Dagger            |    27 |   156 |   230 |    25 ||   438
       Punch             |       |     6 |     8 |       ||    14
Throw: Boomerang         |       |    19 |    27 |       ||    46
 Cast: Beastly Appendage |    34 |    55 |    52 |     7 ||   148
       Spider Form       |       |     2 |     2 |       ||     4
       Wereblood         |       |       |     4 |    10 ||    14
       Hydra Form        |       |       |     3 |    30 ||    33
       Petrify           |       |       |     3 |     9 ||    12
Evoke: Wand              |       |       |    14 |     8 ||    22
  Use: Scroll            |     2 |    13 |    10 |     6 ||    31
       Potion            |       |       |     3 |     7 ||    10
 Stab: Sleeping          |     8 |     7 |     4 |     2 ||    21
       Distracted        |       |     1 |       |     1 ||     2
       Paralysed         |       |       |     8 |       ||     8
       Petrified         |       |       |     6 |    21 ||    27
Armor: Skin              |     4 |    13 |    41 |   103 ||   161
Dodge: Dodged            |    36 |    91 |   192 |   216 ||   535

Table legend: (Time is in decaauts)
 A = Elapsed time spent in this place.
 B = Non-inter-level travel time spent in this place.
 C = Inter-level travel time spent in this place.
 D = Time resting spent in this place.
 E = Time spent auto-exploring this place.
 F = Levels seen in this place.
 G = Mean time per level.
                   A        B        C        D        E       F      G
               +--------+--------+--------+--------+--------+-----+--------+
         Total |  18010 |  17437 |    573 |   4434 |   8557 |  16 | 1125.6 |
       Dungeon |  14557 |  14054 |    503 |   3773 |   6619 |  10 | 1455.7 |
        Temple |    123 |    114 |      9 |      0 |    113 |   1 |  123.0 |
          Lair |   2311 |   2250 |     61 |    397 |   1478 |   3 |  770.3 |
         Sewer |    267 |    267 |      0 |     77 |     85 |   1 |  267.0 |
      Gauntlet |    750 |    750 |      0 |    187 |    262 |   1 |  750.0 |
               +--------+--------+--------+--------+--------+-----+--------+

Top non-repeatable levels by time:
     D:2: 2135 daAuts
     D:8: 2018 daAuts
    D:10: 1767 daAuts
     D:6: 1705 daAuts
     D:1: 1667 daAuts
     D:7: 1361 daAuts
  Lair:1: 1201 daAuts
     D:9: 1182 daAuts
  Lair:2: 1093 daAuts
     D:5: 1032 daAuts
     D:4: 1016 daAuts
Gauntlet: 750 daAuts
     D:3: 670 daAuts
   Sewer: 267 daAuts
  Temple: 123 daAuts
